 Dungeon Crawl Stone Soup version 0.28-a0-230-g086cc6695f (webtiles) character file.

Game seed: 15045645268345123113

1259 Gunterle the Cleaver (level 8, -6/65 HPs)
             Began as a Hill Orc Monk on Aug 22, 2021.
             Was a Believer of Hepliaklqana.
             Mangled by a troll (13 damage)
             ... on level 5 of the Dungeon.
             The game lasted 00:16:48 (5427 turns).

Gunterle the Cleaver (Hill Orc Monk)                Turns: 5427, Time: 00:16:49

Health: -6/65      AC:  5    Str: 14    XL:     8   Next: 51%
Magic:  8/8        EV: 12    Int: 12    God:    Hepliaklqana [**....]
Gold:   254        SH:  0    Dex: 13    Spells: 7/7 levels left

rFire   . . .      SeeInvis .   a - +0 hand axe
rCold   . . .      Faith    .   (no shield)
rNeg    . . .      Spirit   .   c - +1 leather armour
rPois   .          Reflect  .   (no helmet)
rElec   .          Harm     .   F - +0 cloak
rCorr   .          Rampage  .   (no gloves)
Will    .....                   (no boots)
Stlth   ++........              (no amulet)
HPRegen 0.20/turn               (no ring)
MPRegen 0.11/turn               (no ring)

@: no status effects
A: reduced essence
a: Renounce Religion, Recall Ancestor, Ancestor Identity


You were on level 5 of the Dungeon.
You worshipped Hepliaklqana.
Hepliaklqana was pleased with you.
You visited 2 branches of the dungeon, and saw 6 of its levels.

You collected 254 gold pieces.

Inventory:

Hand Weapons
 a - a +0 hand axe (weapon)
 d - a +0 spear
 w - a +2 whip of freezing
 y - a +4 flail of holy wrath
Missiles
 g - 125 stones
 n - 2 javelins
 p - 25 bolts
 B - 4 poisoned darts (quivered)
Armour
 b - a +0 robe
 c - a +1 leather armour (worn)
 t - a +0 robe of resistance
 v - a +0 plate armour
 F - a +0 cloak (worn)
Jewellery
 l - a ring of ice
Scrolls
 e - a scroll of fog {unknown}
 f - a scroll of amnesia {unknown}
 i - a scroll of fear {unknown}
 k - a scroll of noise {unknown}
 m - a scroll of torment {unknown}
 r - 2 scrolls of enchant armour
 x - a scroll of enchant weapon {unknown}
 A - a scroll of magic mapping {unknown}
 C - a scroll of identify {unknown}
 D - 2 scrolls of holy word
 E - a scroll of blinking {unknown}
Potions
 h - 2 potions of mutation {unknown}
 j - a potion of haste {unknown}
 o - 3 potions of curing {unknown}
 q - a potion of cancellation {unknown}
 s - 2 potions of heal wounds
 u - 2 potions of attraction {unknown}
 z - a potion of might {unknown}


   Skills:
 + Level 7.0 Fighting
 * Level 10.0 Axes
 + Level 5.2 Armour
 - Level 2.4 Dodging
 - Level 1.5 Stealth


You had 7 spell levels left.
You didn't know any spells.
Your spell library contained the following spells:

 Spells                   Type           Power      Damage    Failure   Level
 Blink                    Tloc           N/A        N/A       52%         2
 Lesser Beckoning         Tloc           0%         N/A       77%         3
 Manifold Assault         Tloc           0%         N/A       100%        5


Dungeon Overview and Level Annotations

Branches:
Dungeon (5/15)             Temple (1/1) D:4

Altars:
Ashenzari
Cheibriados
Elyvilon
Fedhas
Hepliaklqana
Kikubaaqudgha
Makhleb
Nemelex Xobeh
Okawaru
Qazlal
Ru
Trog
Uskayaw
Vehumet
Wu Jian
Xom
Zin
The Shining One


Message History

The troll resists with some effort.
The troll bites Nindada!
The troll claws Nindada.
The troll claws Nindada!
Nindada completely misses the troll.
You closely miss the troll.
The troll looks more healthy.
The troll bites you but does no damage. The troll barely misses you.
The troll claws you.
Nindada points at the troll and mumbles some strange words.
The troll resists with some effort.
You closely miss the troll. The troll bites you! The troll claws you! x2
Nindada hits the troll with a +0 dagger of draining!
Nindada drains the troll.
You closely miss the troll.
The troll is heavily wounded.
The troll bites you. The troll closely misses you. The troll claws you!
* * * LOW HITPOINT WARNING * * *
Nindada points at the troll and mumbles some strange words.
The troll resists with some effort.
You are too injured to fight recklessly!
You are too injured to fight recklessly!
Nindada hits the troll with a +0 dagger of draining!
Nindada gestures at the troll while chanting.
The troll resists with some effort.
Nindada casts a spell at the troll.
The troll resists with some effort.
You swap places.
The troll bites Nindada.
The troll misses Nindada.
The troll claws Nindada!
Nindada casts a spell at the troll.
The troll resists with some effort.
The troll bites Nindada!
Nindada is destroyed!
The troll bites you!
* * * LOW HITPOINT WARNING * * *
The troll closely misses you. The troll claws you but does no damage.
The troll barely misses you. The troll claws you but does no damage.
The troll barely misses you.
The troll seems less drained.
The troll bites you!
* * * LOW HITPOINT WARNING * * *
The troll claws you but does no damage. x2
The troll bites you!
You die...

########
##................#
#.................#
#.................#
#.................#
###................#
####............)....##
................)...(#
..####..#......).....#
# #.@.#..........##
##.T##........##
##..##.......#
#...####...## ##..##
##### ##..# #..##
##..## ##..#


You could see a troll.

Vanquished Creatures
  Pikel (D:4)
  Edmund (D:4)
  An ogre (D:3)
  A phantom (D:3)
  Crazy Yiuf (D:2)
  An iguana (D:4)
  An orc wizard (D:5)
  A hound skeleton (D:4)
  4 adders
  4 gnolls
  A worm (D:2)
  3 dart slugs
  An orc (D:3)
  7 endoplasms
  3 giant cockroaches
  8 hobgoblins
  9 jackals
  6 kobolds
  2 quokkas
  8 ball pythons
  5 bats
  3 frilled lizards (D:1)
  11 goblins
  7 rats
90 creatures vanquished.

Vanquished Creatures (collateral kills)
  Grinder (D:4)
  A scorpion (D:4)
  3 orcs (D:5)
5 creatures vanquished.

Vanquished Creatures (others)
  A hexer (D:5)
  An adder (D:4)
  2 fungi (D:2)
4 creatures vanquished.

Grand Total: 99 creatures vanquished

Notes
Turn   | Place    | Note
-------+----------+-------------------------------------------
     0 | D:1      | Gunterle the Hill Orc Monk began the quest for the Orb.
     0 | D:1      | Reached XP level 1. HP: 19/19 MP: 1/1
   314 | D:1      | Reached XP level 2. HP: 14/27 MP: 2/2
   576 | D:1      | Reached skill level 1 in Armour
  1025 | D:1      | Found a faded altar of an unknown god.
  1055 | D:2      | Reached XP level 3. HP: 33/33 MP: 3/3
  1058 | D:2      | Found a blossoming altar of Fedhas.
  1127 | D:2      | Reached skill level 5 in Axes
  1360 | D:2      | Found a runed translucent door.
  1796 | D:2      | Reached XP level 4. HP: 32/40 MP: 4/4
  2547 | D:3      | Found a hide-covered altar of Uskayaw.
  3285 | D:4      | Noticed Pikel
  3285 | D:4      | Noticed a lemure
  3289 | D:4      | Noticed a lemure
  3290 | D:4      | Noticed a lemure
  3291 | D:4      | Noticed a lemure
  3293 | D:4      | Killed Pikel
  3293 | D:4      | Noticed Edmund
  3294 | D:4      | Reached skill level 5 in Fighting
  3294 | D:4      | Reached skill level 8 in Axes
  3294 | D:4      | Reached XP level 5. HP: 50/50 MP: 5/5
  3294 | D:4      | Reached XP level 6. HP: 57/57 MP: 6/6
  3294 | D:4      | Reached XP level 7. HP: 62/62 MP: 7/7
  3299 | D:4      | Killed Edmund
  3382 | D:4      | Found a radiant altar of Vehumet.
  3639 | D:3      | HP: 2/63 [ogre (15)]
  3641 | D:3      | Reached skill level 9 in Axes
  3641 | D:3      | Reached XP level 8. HP: 2/71 MP: 8/8
  4229 | D:4      | Found a snail-covered altar of Cheibriados.
  4308 | D:4      | Found a staircase to the Ecumenical Temple.
  4317 | Temple   | Entered the Ecumenical Temple
  4358 | Temple   | Became a worshipper of Hepliaklqana the Forgotten
  4358 | Temple   | Reached * piety under Hepliaklqana
  4358 | Temple   | Reached ** piety under Hepliaklqana
  4359 | Temple   | Remembered your ancestor Nindada as a hexer
  4482 | D:4      | Noticed Grinder
  4517 | D:4      | Killed Grinder
  4662 | D:4      | Reached skill level 5 in Armour
  5003 | D:4      | Found an ornate altar of the Wu Jian Council.
  5173 | D:2      | Noticed Crazy Yiuf
  5188 | D:2      | Killed Crazy Yiuf
  5189 | D:2      | Reached skill level 10 in Axes
  5253 | D:5      | Entered Level 5 of the Dungeon
  5265 | D:5      | Found a bloodstained altar of Trog.
  5390 | D:5      | Noticed a troll
  5427 | D:5      | Mangled by a troll

Illustrated notes

Levels and vault maps discovered:
D:1:      evilmike_arrival_grusome_pit, layout_rooms,
          hellmonk_ecumenical_altar_inner_sanctum
D:2:      layout_basic, basic_altar, uniq_crazy_yiuf_cottage
D:3:      layout_basic, nicolae_uskayaw_dance_hall, minivault_5,
          grunt_ministairs_7, minmay_misc_feat_room
D:4:      layout_cave_pools, nicolae_wu_jian_immortal_techniques,
          lemuel_doored_altar, cheibriados_altar_1, lemuel_temple_firewalk_a,
          uniq_edmund, uniq_pikel, uniq_grinder
D:5:      layout_cave_pods, general_overflow_altar, minmay_misc_feat_nine_boxes
Temple:   nicolae_temple_god_jail

Skill      XL: |  1  2  3  4  5  6  7  8 |
---------------+-------------------------+-----
Armour         | 1 3 4 5 |  5.2
Fighting       | 4 5 6 7 |  7.0
Axes           | 5 8 9 10 | 10.0
Dodging        | |  2.4
Stealth        | |  1.5

Action                   |  1- 3 |  4- 6 |  7- 9 || total
-------------------------+-------+-------+-------++-------
Melee: Hand axe          |   144 |    51 |   126 ||   321
Throw: Javelin           |     4 |       |     3 ||     7
       Stone             |     2 |       |       ||     2
       Dart              |       |    18 |    37 ||    55
Invok: Ancestor Life: He |       |       |     1 ||     1
Evoke: Wand              |       |     5 |     2 ||     7
  Use: Scroll            |       |     1 |     1 ||     2
 Stab: Sleeping          |       |     1 |       ||     1
       Confused          |       |       |     4 ||     4
Armor: Robe              |    13 |       |       ||    13
       Leather armour    |    17 |    15 |    24 ||    56
Dodge: Dodged            |   108 |    25 |    62 ||   195

Table legend: (Time is in decaauts)
 A = Elapsed time spent in this place.
 B = Non-inter-level travel time spent in this place.
 C = Inter-level travel time spent in this place.
 D = Time resting spent in this place.
 E = Time spent auto-exploring this place.
 F = Levels seen in this place.
 G = Mean time per level.
                   A        B        C        D        E       F      G
               +--------+--------+--------+--------+--------+-----+--------+
         Total |   5427 |   5191 |    236 |   1400 |   2713 |   6 |  904.5 |
       Dungeon |   5367 |   5148 |    219 |   1400 |   2689 |   5 | 1073.4 |
        Temple |     60 |     43 |     17 |      0 |     24 |   1 |   60.0 |
               +--------+--------+--------+--------+--------+-----+--------+

Top non-repeatable levels by time:
     D:3: 1497 daAuts
     D:2: 1423 daAuts
     D:4: 1192 daAuts
     D:1: 1081 daAuts
     D:5: 172 daAuts
  Temple: 60 daAuts
